 Dungeon Crawl Stone Soup version 0.26.0-16-gc1dbca0489 (webtiles) character file.

Game seed: 13519482950796026844

10803 Majorwet the Cleaver (level 11, -10/91 (99) HPs)
             Began as a Hill Orc Fighter on Jan 17, 2021.
             Was a High Priest of Okawaru.
             Killed from afar by a starcursed mass (12 damage)
             ... with an accursed screaming
             ... on level 1 of the Abyss.
             The game lasted 01:55:14 (15191 turns).

Majorwet the Cleaver (Hill Orc Fighter)            Turns: 15191, Time: 01:55:14

HP:   -10/91 (99)   AC: 30    Str: 25    XL:     11   Next: 67%
MP:   4/11          EV: 10    Int:  8    God:    Okawaru [*****.]
Gold: 832           SH: 14    Dex: 14    Spells: 10/10 levels left

rFire    + . .     SeeInvis .   j - +5 war axe
rCold    . . .     Faith    .   c - +0 kite shield
rNeg     . . .     Spirit   .   F - +7 plate armour of the Sea {rF+ rC- Will+ Dex+3}
rPois    .         Reflect  .   l - +2 helmet
rElec    .         Harm     .   O - +1 cloak
rCorr    .         Rampage  .   k - +0 pair of gloves {Str+3}
Will     +....                  (no boots)
Stlth    ..........             (no amulet)
HPRegen  0.25/turn              x - ring of protection from cold
MPRegen  0.12/turn              y - +4 ring of slaying

@: heroism, finesse, wreathed by umbra, drained
A: no striking features
a: Renounce Religion, Heroism, Finesse


You were on level 1 of the Abyss.
You worshipped Okawaru.
Okawaru was extremely pleased with you.
You visited 3 branches of the dungeon, and saw 12 of its levels.
You visited the Abyss 1 time.

You collected 1167 gold pieces.
You spent 335 gold pieces at shops.

Inventory:

Hand Weapons
 a - a +4 morningstar
 d - a +3 halberd
 j - a +5 war axe (weapon)
 w - a +2 hand axe of electrocution
Missiles
 n - 161 stones
 A - 45 poisoned darts
Armour
 c - a +0 kite shield (worn)
 k - a +0 pair of gloves of strength (worn)
 l - a +2 helmet (worn)
 s - a +0 pair of gloves
 F - the +7 plate armour of the Sea (worn) {rF+ rC- Will+ Dex+3}
   (You took it off an orc on level 6 of the Dungeon)

   It affects your dexterity (+3).
   It protects you from fire.
   It makes you vulnerable to cold.
   It affects your willpower, your defense against some magical effects.
 N - a +1 hat
 O - a +1 cloak (worn)
Magical Staves
 K - an uncursed staff of cold {unknown}
Jewellery
 x - a ring of protection from cold (left hand)
 y - a +4 ring of slaying (right hand)
 C - an uncursed ring of wizardry {unknown}
Wands
 e - a wand of flame (36)
 q - a wand of random effects (13)
 D - a wand of polymorph (6) (quivered)
 E - a wand of digging (4)
 G - a wand of iceblast (15)
Scrolls
 b - a scroll of immolation
 g - 2 scrolls of identify
 m - 3 scrolls of noise
 o - 6 scrolls of remove curse
 p - 2 scrolls of enchant armour
 t - 2 scrolls of magic mapping
 B - 3 scrolls of amnesia
 J - a scroll of holy word
Potions
 h - 2 potions of degeneration
 i - 2 potions of brilliance
 r - a potion of resistance {unknown}
 u - a potion of flight
 v - 2 potions of mutation
 z - 2 potions of attraction
 H - a potion of ambrosia {unknown}
 I - a potion of berserk rage {unknown}
 L - a potion of lignification {unknown}


   Skills:
 * Level 9.9(14.9) Fighting
 * Level 14.1(19.7) Axes
 - Level 6.0(14.9) Polearms
 + Level 7.7(12.7) Armour
 - Level 0.4(5.4) Dodging
 + Level 8.2(13.2) Shields
 + Level 1.0 Invocations
 * Level 5.0 Evocations


You had 10 spell levels left.
You didn't know any spells.
Your spell library contained the following spells:

 Spells                   Type           Power        Failure   Level
 Animate Skeleton         Necr           0%           99%         1
 Apportation              Tloc           0%           99%         1
 Corona                   Hex            0%           99%         1
 Summon Small Mammal      Summ           0%           99%         1
 Slow                     Hex            0%           100%        2
 Inner Flame              Hex/Fire       0%           100%        3
 Metabolic Englaciation   Hex/Ice        0%           100%        5
 Silence                  Hex/Air        0%           100%        5
 Yara's Violent Unravell  Hex/Tmut       0%           100%        5


Dungeon Overview and Level Annotations

Branches:
Dungeon (9/15)             Temple (1/1) D:4             Orc (2/2) D:9
    Elf (0/3) Orc:2
   Lair: D:8-11

Altars:
Ashenzari
Cheibriados
Dithmenos
Elyvilon
Fedhas
Gozag
Hepliaklqana
Kikubaaqudgha
Makhleb
Nemelex Xobeh
Okawaru
Qazlal
Ru
Sif Muna
Trog
Uskayaw
Vehumet
Wu Jian
Xom
Yredelemnul
Zin
The Shining One
Beogh
Lugonu

Shops:
D:9 [   Orc:1 *   Orc:2 ?


Message History

You feel drained.
You gain the combat prowess of a mighty hero.
Your orange demon stings the starcursed mass but does no damage.
Your orange demon hits the starcursed mass but does no damage.
The starcursed mass engulfs your orange demon.
Your orange demon dies!
The profane servitor hits you but does no damage.
You feel drained.
The profane servitor hits you but does no damage.
You feel drained.
You can now deal lightning-fast blows.
The profane servitor hits you with a +2 demon whip of draining!
* * * LOW HITPOINT WARNING * * *
The profane servitor draws strength from your injuries!
You feel drained.
* * * LOW HITPOINT WARNING * * *
The profane servitor hits you but does no damage.
You feel drained. A chorus of shrieks assaults your mind.
You die... ##...###.. # # #..X 3#.... . # .
X.
XXX.

.#.##.# X#
....#... . .#. #
##.X.###X... # ##
##. ##.... #.## ..
##.X#.##.#.# #.
...#.. ###....#
...........##.@A.#
. .. ..#...#X.##.#
# ...###..XX#.#
x.. #.# ##X##..#
... .. #..# ###
.#. #.. # # .....#
..#.... . ###..


You could see a profane servitor, 4 starcursed masses and a small abomination.

Vanquished Creatures
  Erica (D:8)
  3 orc knights
  2 large abominations (Abyss:1)
  2 orc sorcerers
  An orange demon (Abyss:1)
  A yaktaur (shapeshifter) (Abyss:1)
  3 trolls
  A ynoxinul (Abyss:1)
  3 small abominations (Abyss:1)
  A basilisk (shapeshifter) (Orc:2)
  A warg (D:9)
  Menkaure (D:4)
  4 ice beasts
  2 sky beasts
  6 ogres
  A phantom (D:8)
  9 orc warriors
  A necrophage (D:9)
  3 centaurs
  A big kobold (D:8)
  A bullfrog (D:6)
  A gnoll sergeant (D:5)
  6 killer bees (D:5)
  12 wights
  A centaur zombie (D:7)
  A starcursed mass (Abyss:1)
  2 quasits
  3 jellies
  10 orc priests
  A gnoll shaman (D:6)
  3 hounds
  Terence (D:3)
  Natasha (thrice) (D:2)
  An iguana (D:8)
  10 orc wizards
  4 worker ants
  A mummy (D:6)
  2 hound skeletons (D:4)
  A howler monkey zombie (D:6)
  2 worker ant zombies (D:6)
  Robin (D:2)
  11 adders
  10 gnolls
  2 shadow imps
  3 white imps
  3 ufetubi (D:5)
  8 worms
  A dart slug (D:2)
  5 leopard geckos
  33 orcs
  5 giant cockroaches
  13 goblins
  7 hobgoblins
  6 kobolds
  5 quokkas
  2 ball pythons
  8 bats
  4 frilled lizards
  A hobgoblin zombie (D:6)
  A jackal skeleton (D:7)
  A jackal zombie (D:5)
  3 kobold zombies (D:6)
  2 rats (D:2)
  A bush (D:3)
249 creatures vanquished.

Vanquished Creatures (collateral kills)
  An orange demon (Abyss:1)
1 creature vanquished.

Vanquished Creatures (others)
  2 plants (D:3)
2 creatures vanquished.

Grand Total: 252 creatures vanquished

Notes
Turn   | Place    | Note
-------+----------+-------------------------------------------
     0 | D:1      | Majorwet the Hill Orc Fighter began the quest for the Orb.
     0 | D:1      | Reached XP level 1. HP: 19/19 MP: 1/1
   439 | D:1      | Reached XP level 2. HP: 27/27 MP: 2/2
  1084 | D:2      | Found a shimmering altar of Xom.
  1166 | D:2      | Found a blossoming altar of Fedhas.
  1169 | D:2      | Found a snail-covered altar of Cheibriados.
  1189 | D:2      | Reached XP level 3. HP: 28/33 MP: 3/3
  1830 | D:2      | Noticed Robin
  1835 | D:2      | Reached XP level 4. HP: 40/40 MP: 4/4
  2061 | D:2      | Killed Robin
  2101 | D:2      | Noticed Natasha
  2106 | D:2      | Killed Natasha
  2122 | D:2      | Found a broken altar of Ashenzari.
  2194 | D:2      | Reached XP level 5. HP: 38/46 MP: 5/5
  2353 | D:2      | Noticed Natasha
  2378 | D:2      | Killed Natasha
  2797 | D:2      | Noticed Natasha
  2807 | D:2      | Killed Natasha
  2808 | D:2      | Reached skill level 5 in Polearms
  3134 | D:3      | Noticed Terence
  3150 | D:3      | Killed Terence
  3151 | D:3      | Reached XP level 6. HP: 47/52 MP: 6/6
  3363 | D:3      | Found a sparkling altar of Nemelex Xobeh.
  3364 | D:3      | Found a basalt altar of Yredelemnul.
  3364 | D:3      | Found a hazy altar of Hepliaklqana.
  4398 | D:4      | Found a staircase to the Ecumenical Temple.
  4668 | D:4      | Noticed Menkaure
  4693 | D:4      | HP: 2/52 [Menkaure/nerve-wracking pain (9)]
  6024 | D:4      | Killed Menkaure
  6025 | D:4      | Reached skill level 1 in Axes
  6025 | D:4      | Reached XP level 7. HP: 33/60 MP: 7/7
  6293 | D:4      | Reached skill level 5 in Shields
  6532 | D:4      | Identified Veecaced's Volume of Fetching Ice
  6746 | D:5      | Entered Level 5 of the Dungeon
  6787 | D:5      | Reached skill level 2 in Axes
  6859 | D:5      | Reached skill level 5 in Fighting
  6869 | D:5      | Reached skill level 3 in Axes
  6925 | D:5      | Reached skill level 4 in Axes
  6995 | D:5      | Found an iron altar of Okawaru.
  7131 | D:5      | Became a worshipper of Warmaster Okawaru
  7162 | D:5      | Reached XP level 8. HP: 50/68 MP: 8/8
  7164 | D:5      | Reached skill level 5 in Armour
  7165 | D:5      | Reached skill level 5 in Axes
  7483 | D:5      | Reached * piety under Okawaru
  7484 | D:5      | Reached skill level 6 in Axes
  8051 | D:6      | Reached skill level 7 in Axes
  8071 | D:6      | Identified the +7 plate armour of the Sea {rF+ rC- Will+
                  | Dex+3}
  9122 | D:6      | Reached XP level 9. HP: 62/75 MP: 9/9
  9129 | D:6      | Reached skill level 8 in Axes
  9136 | D:6      | Reached ** piety under Okawaru
  9673 | Temple   | Entered the Ecumenical Temple
  9858 | D:7      | Found an opulent altar of Gozag.
 10073 | D:7      | Noticed a troll
 10074 | D:7      | Reached skill level 9 in Axes
 10081 | D:7      | Killed a troll
 10156 | D:7      | Found a glowing silver altar of Zin.
 10156 | D:7      | Noticed an angel
 10807 | D:8      | Noticed Erica
 10947 | D:8      | Killed Erica
 10947 | D:8      | Reached *** piety under Okawaru
 10947 | D:8      | Received a gift from Okawaru
 10948 | D:8      | Reached skill level 10 in Axes
 10948 | D:8      | Reached skill level 1 in Evocations
 10948 | D:8      | Reached XP level 10. HP: 67/86 MP: 10/10
 11028 | D:8      | Found an opulent altar of Gozag.
 11065 | D:8      | Reached skill level 11 in Axes
 11396 | D:8      | Found a sacrificial altar of Ru.
 11398 | D:8      | Found an ornate altar of the Wu Jian Council.
 11605 | D:9      | Reached **** piety under Okawaru
 11647 | D:9      | Found Wesmei's Antique Armour Shop.
 11750 | D:9      | Found a shimmering blue altar of Sif Muna.
 11769 | D:9      | Bought a shiny helmet for 127 gold pieces
 12011 | D:9      | Found a staircase to the Orcish Mines.
 12032 | D:9      | Reached skill level 12 in Axes
 12069 | D:9      | Found an ancient bone altar of Kikubaaqudgha.
 12204 | Orc:1    | Entered Level 1 of the Orcish Mines
 12248 | Orc:1    | Found Xufuz's General Store.
 12250 | Orc:1    | Noticed an orc knight
 12965 | D:9      | Killed an orc knight
 12965 | D:9      | Reached ***** piety under Okawaru
 13150 | Orc:1    | Noticed an orc sorcerer
 13346 | D:9      | Killed an orc sorcerer
 13347 | D:9      | Reached XP level 11. HP: 95/97 MP: 11/11
 13500 | Orc:1    | Bought a potion of haste for 160 gold pieces
 13500 | Orc:1    | Bought a potion of flight for 48 gold pieces
 13845 | Orc:2    | Entered Level 2 of the Orcish Mines
 13857 | Orc:2    | Found a staircase to the Elven Halls.
 14047 | Orc:2    | Found a roughly hewn altar of Beogh.
 14183 | Orc:2    | Noticed an orc sorcerer
 14185 | Orc:2    | Noticed an orc knight
 14186 | Orc:2    | an orc sorcerer changed into a shapeshifter
 14187 | Orc:2    | Found Xall's Magic Scroll Emporium.
 14201 | Orc:2    | Killed an orc knight
 14202 | Orc:2    | Reached skill level 13 in Axes
 14202 | Orc:2    | Noticed an orc sorcerer
 14204 | Orc:2    | Noticed an orc high priest
 14215 | Orc:2    | Noticed an orc knight
 14215 | Orc:2    | Noticed an orc high priest
 14216 | Orc:2    | Noticed an orc high priest
 14216 | Orc:2    | Noticed an orc sorcerer
 14216 | Orc:2    | Noticed an orc sorcerer
 14381 | Orc:1    | Killed an orc knight
 14712 | Orc:2    | Killed an orc sorcerer
 14712 | Orc:2    | Received a gift from Okawaru
 14785 | Orc:1    | Cast into level 1 of the Abyss (orc warrior)
 14840 | Abyss:1  | Noticed a great orb of eyes
 14953 | Abyss:1  | Noticed a starcursed mass
 14999 | Abyss:1  | Noticed a worldbinder
 15049 | Abyss:1  | Noticed a large abomination
 15062 | Abyss:1  | Killed a large abomination
 15081 | Abyss:1  | Noticed a large abomination
 15108 | Abyss:1  | Killed a large abomination
 15109 | Abyss:1  | Reached skill level 14 in Axes
 15109 | Abyss:1  | Reached skill level 5 in Evocations
 15160 | Abyss:1  | Noticed a starcursed mass
 15170 | Abyss:1  | Reached skill level 1 in Invocations
 15187 | Abyss:1  | Identified a scroll of acquirement
 15187 | Abyss:1  | Acquired 612 gold pieces
 15187 | Abyss:1  | Noticed a profane servitor
 15191 | Abyss:1  | HP: 3/94 [profane servitor/+2 demon whip of draining (7)]
 15191 | Abyss:1  | Killed from afar by a starcursed mass

Illustrated notes

Levels and vault maps discovered:
D:1:      scummos_arrival_gate, layout_loops_corners
D:2:      layout_basic, lemuel_doored_altar, nicolae_ashenzari_panopticon,
          grunt_temple_overflow_open, uniq_natasha, uniq_robin
D:3:      layout_basic, gammafunk_temple_overflow_forgotten, uniq_terence
D:4:      minmay_octagon_keep, layout_gridville,
          minmay_temple_entry_statues_fountains, uniq_menkaure
D:5:      layout_rooms, okawaru_ov_weapons_minmay
D:6:      layout_loops_corners, minmay_mini_ossuary
D:7:      layout_gridville, zin_angel, grunt_gozag_statues
D:8:      layout_rooms, minitemple, basic_altar, uniq_erica
D:9:      layout_rooms, led_sif_book, nicolae_overflow_crystal_walls,
          serial_shops, shop, dk_rats_in_the_wall
Temple:   corrupted_temple
Orc:1:    layout_caves, serial_shops, nicolae_shop_crystal
Orc:2:    st_orc_elflike, layout_diamond_mine, basic_altar,
          nicolae_orc_damp_corner
Abyss:1:  base: Orc:2, hangedman_eye_storm

Skill      XL: |  1  2  3  4  5  6  7  8  9 10 11 |
---------------+----------------------------------+-----
Polearms       | 3 4 5 6 |  6.0
Shields        | 4 5 6 7 8 |  8.2
Fighting       | 4 5 6 7 9 |  9.9
Axes           | 1 4 7 10 12 14 | 14.1
Armour         | 4 5 6 7 |  7.7
Evocations     | 1 3 5 |  5.0
Invocations    | 1 |  1.0
Dodging        | |  0.4

Action                   |  1- 3 |  4- 6 |  7- 9 | 10-12 || total
-------------------------+-------+-------+-------+-------++-------
Melee: Trident           |   108 |   316 |       |       ||   424
       Hand axe          |       |    17 |   279 |   138 ||   434
       War axe           |       |       |       |   136 ||   136
Throw: Stone             |       |     1 |       |       ||     1
Invok: Heroism           |       |       |       |     7 ||     7
       Finesse           |       |       |       |     2 ||     2
Evoke: Wand              |       |       |     3 |    14 ||    17
  Use: Scroll            |       |     8 |     3 |    14 ||    25
       Potion            |       |     6 |     4 |     4 ||    14
Armor: Scale mail        |     7 |       |       |       ||     7
       Plate armour      |    57 |   154 |   158 |   133 ||   502
Dodge: Dodged            |    15 |    35 |    48 |    46 ||   144
Block: Kite shield       |    44 |   153 |   153 |   140 ||   490
